 Dungeon Crawl Stone Soup version 0.31.0-9-g3a7656b989 (console) character file.

Game seed: 2495550204356014064

1956 AlterAsc the Cleaver (level 9, -10/64 HPs)
             Began as a Formicid Fighter on Jan 27, 2024.
             Was an Initiate of Okawaru.
             Mangled by a two-headed ogre
             ... wielding a +0 giant club
              (15 damage)
             ... on level 8 of the Dungeon.
             The game lasted 00:11:59 (7113 turns).

AlterAsc the Cleaver (Formicid Fighter)             Turns: 7113, Time: 00:12:00

Health: -10/64     AC: 17    Str: 25    XL:     9   Next: 42%
Magic:  9/9        EV:  6    Int:  8    God:    Okawaru [......]
Gold:   265        SH:  5    Dex: 13    Spells: 8/8 levels left

rFire   . . .        a - +0 war axe
rCold   . . .        c - +0 buckler
rNeg    . . .        v - +0 plate armour
rPois   .            (helmet unavailable)
rElec   .            (no cloak)
rCorr   .            f - +0 pair of gloves
SInv    +            m - +0 pair of boots
Will    .....        (no amulet) Stlth
                     u - ring of flight
HPRegen 0.30/turn    H - +4 ring of protection
MPRegen 0.11/turn

%: no passive effects
@: flying
A: permanent stasis, dig shafts and tunnels, antennae 3, four strong arms
a: Dig, Shaft Self, Renounce Religion


You were on level 8 of the Dungeon.
You worshipped Okawaru.
Okawaru was noncommittal.
You visited 2 branches of the dungeon, and saw 10 of its levels.

You collected 301 gold pieces.
You spent 36 gold pieces at shops.

Inventory:

Hand Weapons
 a - a +0 war axe (weapon)
 o - the +7 falchion of the Endless March {flame, *Slow rF+++ rC+++ SInv}
   (You found it on level 2 of the Dungeon)

   rF+++:     It renders you almost immune to fire.
   rC+++:     It renders you almost immune to cold.
   SInv:      It lets you see invisible.
   *Slow:     It may slow you when you take damage.
Missiles
 s - 34 poisoned darts (quivered)
 y - 6 boomerangs
 I - 3 javelins
Armour
 b - a +0 scale mail
 c - a +0 buckler (worn)
 f - a +0 pair of gloves (worn)
 m - a +0 pair of boots (worn)
 p - a +0 tower shield
 v - a +0 plate armour (worn)
Jewellery
 q - a ring of fire
 u - a ring of flight (left hand)
 H - a +4 ring of protection (right hand)
Wands
 B - a wand of mindburst (18)
 E - a wand of flame (19)
Scrolls
 e - a scroll of amnesia {unknown}
 i - 6 scrolls of identify
 j - a scroll of brand weapon {unknown}
 l - 3 scrolls of revelation
 w - a scroll of immolation {unknown}
 x - a scroll of fog {unknown}
 C - a scroll of enchant armour {unknown}
 D - a scroll of fear {unknown}
 F - a scroll of poison {unknown}
 G - a scroll of blinking {unknown}
Potions
 d - a potion of mutation {unknown}
 g - 3 potions of ambrosia {unknown}
 h - 3 potions of berserk rage {unknown}
 k - 4 potions of curing
 n - 2 potions of invisibility {unknown}
 r - a potion of magic {unknown}
 t - 4 potions of heal wounds {unknown}
 z - 2 potions of brilliance {unknown}
 A - 2 potions of resistance {unknown}


   Skills:
 - Level 3.2 Fighting
 + Level 11.8 Axes
 - Level 3.2 Armour
 - Level 4.0 Shields


You had 8 spell levels left.
You didn't know any spells.
Your spell library contained the following spells:

 Spells                   Type           Power      Damage    Failure   Level
 Sigil of Binding         Hex            0%         N/A       100%        3
 Dimensional Bullseye     Hex/Tloc       0%         N/A       100%        4
 Call Canine Familiar     Summ           Unusable   N/A       N/A         3

Dungeon Overview and Level Annotations

Branches:
Dungeon (9/15)             Temple (1/1) D:6
   Lair: D:8-11         Orc: D:9-12

Altars:
Ashenzari
Cheibriados
Dithmenos
Elyvilon
Fedhas
Hepliaklqana
Makhleb
Nemelex Xobeh
Okawaru
Qazlal
Sif Muna
Trog
Vehumet
Wu Jian
Zin

Shops:
D:3 !   D:4 *   D:5 =([(   D:7 *


Innate Abilities, Weirdness & Mutations

You cannot be hasted, slowed, berserked, paralysed or teleported.
You can dig through walls and to a lower floor.
You have a pair of large antennae on your head. (SInv)
Your four strong arms can wield two-handed weapons with a shield.


Message History

The two-headed ogre attacks as it pursues you!
The two-headed ogre hits you with a +0 giant club!
The two-headed ogre hits you but does no damage.
Throw: 34 darts (poison)
Press: ? - help, Q - select action, (/) - cycle Shift-Dir - straight line, f - two-headed ogre
Aim: a two-headed ogre, wielding two +0 giant clubs (71% to hit)
Okay, then.
Okay, then.
Unknown command.
Okay, then.
Press: ? - help, v - describe, . - travel
Here: a two-headed ogre, wielding two +0 giant clubs The floor.
Okay, then.
As you read the scroll labelled LEIKLO UGOX, it crumbles to dust.
It is a scroll of identify.
l - 3 scrolls of revelation
Press: ? - help, v - describe, . - travel The floor.
You are flying.
Your flying speed is average.
Your attack delay is about 0.9.
Your damage rating with your +0 war axe is about 19 (Base 11 x 137% (Str) x 129% (Skill)).
You slash the two-headed ogre!
The two-headed ogre is lightly wounded.
You block the two-headed ogre's attack.
The two-headed ogre hits you with a +0 giant club!!
You hit the two-headed ogre.
The two-headed ogre is lightly wounded.
You barely miss the two-headed ogre.
The two-headed ogre is lightly wounded.
The two-headed ogre hits you with a +0 giant club!
* * * LOW HITPOINT WARNING * * *
The two-headed ogre hits you with a +0 giant club!
* * * LOW HITPOINT WARNING * * *
Okay, then.
Are you sure you want to shaft yourself?
Okay, then.
Unknown command.
Are you sure you want to shaft yourself?
The two-headed ogre hits you with a +0 giant club!
You die...

#.# #.# .# #.####
{##..# #.# .# #
##..# #.##.# #
#..###### .#....#
........#
#.#....####
.#.####.###
###.#.#......
.#<#......#
#.......##########
.#........#
#.................
.###......###
#.......##########
............#
##.......#
............#
#.@......#
............#
#O########
............# #D#
...........###.#
..............#
.........D####......
........... ...###
.......... .?.#
.......D.. ...#
.......... ....{
........... >...#


You could see a two-headed ogre and a steam dragon.

Vanquished Creatures
  A water moccasin (D:6)
  An acid dragon (D:6)
  An orc warrior (D:6)
  An ice beast (D:7)
  2 kobold brigands (D:7)
  A phantom (D:6)
  3 bullfrogs
  3 scorpions
  3 wights (D:7)
  2 howler monkeys
  3 jellies
  A gnoll bouda (D:6)
  A hound (D:6)
  2 orc priests
  5 orc wizards
  A sleepcap (D:3)
  3 iguanas
  10 gnolls
  8 adders
  2 white imps
  4 ufetubi (D:6)
  3 dart slugs
  14 orcs
  7 bats
  8 endoplasms
  5 giant cockroaches
  5 goblins
  6 hobgoblins
  3 jackals (D:5)
  19 kobolds
  2 quokkas
  6 ball pythons
  5 frilled lizards
  4 rats
145 creatures vanquished.

Notes
Turn   | Place    | Note
-------+----------+-------------------------------------------
     0 | D:1      | AlterAsc the Formicid Fighter began the quest for the Orb.
     0 | D:1      | Reached XP level 1. HP: 18/18 MP: 1/1
    98 | D:1      | Reached XP level 2. HP: 18/24 MP: 2/2
   287 | D:1      | Reached skill level 3 in Axes
   394 | D:1      | Reached XP level 3. HP: 29/29 MP: 3/3
   920 | D:2      | Reached skill level 4 in Axes
   920 | D:2      | Reached XP level 4. HP: 22/33 MP: 4/4
  1138 | D:2      | Identified the +7 falchion of the Endless March {flame,
                  | *Slow rF+++ rC+++ SInv}
  1747 | D:3      | Found Girao's Distillery.
  1772 | D:3      | Bought a potion of curing for 36 gold pieces
  1825 | D:3      | Reached skill level 5 in Axes
  1825 | D:3      | Reached XP level 5. HP: 41/41 MP: 5/5
  2393 | D:4      | Reached skill level 6 in Axes
  2393 | D:4      | Reached XP level 6. HP: 23/47 MP: 6/6
  2751 | D:4      | Found Peacvux's Overcharged Wands.
  3096 | D:4      | Reached skill level 7 in Axes
  3096 | D:4      | Reached XP level 7. HP: 24/52 MP: 7/7
  3439 | D:5      | Entered Level 5 of the Dungeon
  3555 | D:5      | Found Ysap's Weapon Emporium.
  3563 | D:5      | Found Fuashrun's Antique Armour Shop.
  3636 | D:5      | Found Rarrufyg's Antique Weapon Boutique.
  3806 | D:5      | Found Jati's Jewellery Boutique.
  3971 | D:6      | HP: 1/52 [orc warrior/+0 trident (8)]
  3972 | D:6      | You are sucked into a shaft and drop 1 floor!
  4214 | D:6      | You are sucked into a shaft and drop 2 floors!
  4392 | D:8      | Reached skill level 8 in Axes
  4479 | D:7      | Found Docuro Qorerch's General Store.
  4569 | D:7      | You are sucked into a shaft and drop 2 floors!
  4696 | D:7      | Reached XP level 8. HP: 46/58 MP: 8/8
  4702 | D:7      | Reached skill level 9 in Axes
  5521 | D:7      | Reached skill level 10 in Axes
  5621 | D:7      | Found a sparkling altar of Nemelex Xobeh.
  5757 | D:6      | Reached XP level 9. HP: 48/64 MP: 9/9
  6181 | D:6      | Reached skill level 11 in Axes
  6971 | D:6      | Found a staircase to the Ecumenical Temple.
  6980 | Temple   | Entered the Ecumenical Temple
  6989 | Temple   | Became a worshipper of Warmaster Okawaru
  7050 | D:8      | Found the +9 staff of Olgreb {rPois∞}
  7100 | D:8      | Noticed a two-headed ogre
  7113 | D:8      | Mangled by a two-headed ogre

Illustrated notes

Levels and vault maps discovered:
D:1:      dpeg_arrival_lava_temple_mockup, layout_loops_corners,
          hangedman_feature_mirror, amcnicky_mini_corridor_feature,
          minmay_close_crescents
D:2:      layout_loops_corners, minmay_tree_intersection
D:3:      layout_rooms, serial_shops, shop, minivault_11
D:4:      layout_loops_corners, nicolae_shop_overcharged_wands
D:5:      layout_rooms, serial_shops, nicolae_shop_bloodbath_and_beyond,
          nicolae_shop_dealshenge, nicolae_shop_tiny_real_fake_doors, shop
D:6:      layout_basic, minmay_temple_entry_enclosed_plants
D:7:      layout_gridville, lemuel_coloured_pillars_altar, serial_shops, shop
D:8:      layout_basic, amcnicky_altar_gilded,
          minmay_guarded_unrand_staff_of_olgreb, uniq_grum
D:9:      layout_cave_pools, mainiacjoe_overflow_catwalk_spiral,
          nicolae_overflow_two_pavilions, serial_shops, shop_fountains
Temple:   compressed_dpeg_circular_temple

Skill      XL: |  1  2  3  4  5  6  7  8  9 |
---------------+----------------------------+-----
Axes           | 3 4 5 6 7 8 10 11 | 11.8
Fighting       | |  3.2
Armour         | |  3.2
Shields        | |  4.0

Action                     |  1- 3 |  4- 6 |  7- 9 || total
---------------------------+-------+-------+-------++-------
  Melee: War axe           |    66 |   125 |   256 ||   447
Ability: Shaft Self        |       |       |     4 ||     4
    Use: Potion            |       |       |     1 ||     1
         Scroll            |       |       |     1 ||     1
 Armour: Scale mail        |    36 |    45 |       ||    81
         Plate armour      |       |    36 |   295 ||   331
  Dodge: Dodged            |    32 |    44 |    85 ||   161
  Block: Buckler           |    20 |    34 |    66 ||   120
